 Dungeon Crawl Stone Soup version 0.30-a0-862-g1aabd4f9c5 (webtiles) character file.

Game seed: 16097571627102198318

20665 Grim the Severer (level 12, 0/122 HPs)
             Began as a Minotaur Berserker on Mar 9, 2023.
             Was a Priest of Trog.
             Slain by a centaur warrior (8 damage)
             ... on level 13 of the Dungeon.
             The game lasted 00:20:44 (15497 turns).

Grim the Severer (Minotaur Berserker)              Turns: 15497, Time: 00:20:45

Health: 0/122      AC: 13    Str: 35    XL:     12   Next: 47%
Magic:  11/11      EV:  9    Int:  4    God:    Trog [***...]
Gold:   808        SH:  0    Dex: 17    Spells: 11/11 levels left

rFire   + . .      SeeInvis .    a - +0 war axe
rCold   . . .      Faith    +    (no shield)
rNeg    . . .      Spirit   .    Y - +0 plate armour "Caasiuz" {rF+ Str+3}
rPois   .          Reflect  .    (helmet restricted)
rElec   .          Rampage  .    q - +0 cloak
rCorr   .                        f - +0 pair of gloves
Will    .....                    (no boots) Stlth
                                 V - amulet of Iluex {Faith Slay+2}
HPRegen 0.40/turn                N - +6 ring of dexterity
MPRegen 0.12/turn                W - +6 ring of strength

@: on berserk cooldown, slowed, very slow
A: horns 2, retaliatory headbutt
a: Renounce Religion, Berserk, Trog's Hand


You were on level 13 of the Dungeon.
You worshipped Trog.
Trog was most pleased with you.
You visited 1 branch of the dungeon, and saw 13 of its levels.
You also visited: Sewer.

You collected 808 gold pieces.

Inventory:

Hand Weapons
 a - a +0 war axe (weapon)
 b - a +0 arbalest
 c - a +4 morningstar
Missiles
 n - 4 throwing nets (quivered)
Armour
 f - a +0 pair of gloves (worn)
 q - a +0 cloak (worn)
 Y - the +0 plate armour "Caasiuz" (worn) {rF+ Str+3}
   (You found it on level 11 of the Dungeon)

   Str:       It affects your strength (+3).
   rF:        It protects you from fire.
Jewellery
 h - a ring of fire
 j - an amulet of faith
 p - a ring of fire
 t - a ring of fire
 G - a ring of fire
 N - a +6 ring of dexterity (left hand)
 V - the amulet of Iluex (around neck) {Faith Slay+2}
   (You found it on level 11 of the Dungeon)

   [amulet of faith]

   It allows you to gain divine favour quickly.
   Slay:      It affects your accuracy & damage with ranged weapons and melee
   (+2).
 W - a +6 ring of strength (right hand)
Wands
 A - a wand of mindburst (23)
 B - a wand of quicksilver (9)
 C - a wand of paralysis (17)
 R - a wand of flame (21)
 T - a wand of iceblast (11)
Scrolls
 d - 6 scrolls of teleportation
 e - 5 scrolls of magic mapping
 k - 2 scrolls of enchant armour {unknown}
 o - a scroll of silence {unknown}
 s - 2 scrolls of enchant weapon
 u - 5 scrolls of fear
 w - a scroll of amnesia {unknown}
 x - a scroll of acquirement {unknown}
 E - a scroll of brand weapon {unknown}
 H - 3 scrolls of vulnerability {unknown}
 K - 2 scrolls of blinking {unknown}
 U - a scroll of butterflies {unknown}
Potions
 g - 4 potions of might
 i - 2 potions of brilliance
 l - 5 potions of degeneration {!q}
 m - 6 potions of curing
 r - a potion of flight {unknown}
 v - 4 potions of attraction
 y - 3 potions of berserk rage
 z - 2 potions of lignification
 D - a potion of heal wounds {unknown}
 F - 4 potions of mutation {!q}
 L - 2 potions of cancellation
 M - a potion of magic {unknown}
 Q - 2 potions of ambrosia {unknown}
 Z - a potion of haste {unknown}
Miscellaneous
 S - a phantom mirror


   Skills:
 * Level 15.7 Fighting
 - Level 16.3 Axes
 + Level 10.1 Ranged Weapons
 - Level 2.4 Armour
 - Level 2.1 Dodging


You had 11 spell levels left.
You didn't know any spells.
Your spell library was empty.

Dungeon Overview and Level Annotations

Branches:
Dungeon (13/15)            Temple (0/1) D:4            Lair (0/5) D:9
    Orc (0/2) D:12          Sewer (visited)
 Vaults: D:13-14

Altars:
Dithmenos
Elyvilon
Hepliaklqana
Qazlal
Ru
Sif Muna
Trog
Uskayaw
Vehumet
Yredelemnul
Zin
The Shining One

Shops:
D:4 :   D:5 (*:   D:7 *

Annotations:
D:3 2 transporters


Innate Abilities, Weirdness & Mutations

You have a pair of horns on your head.
You reflexively headbutt those who attack you in melee.


Message History

A kobold brigand, a boggart and a centaur warrior come into view.
The kobold brigand is wielding a +0 club and quivering poisoned darts.
The kobold brigand shouts!
The boggart shouts!
The centaur shouts!
The centaur warrior shouts!
The boggart moves out of view.
Things that are here:
a +0 giant club; a +0 giant spiked club You slice the centaur!!
Your headbutt misses the centaur.
The centaur is almost dead.
You closely miss the centaur.
The centaur is almost dead.
The centaur unwields a +0 shortbow.
The centaur hits you but does no damage.
The centaur closely misses you. The centaur warrior hits you!
* * * LOW HITPOINT WARNING * * *
The centaur warrior barely misses you.
The centaur hits you but does no damage.
The centaur kicks you but does no damage.
You slash the centaur warrior!
The centaur warrior is moderately wounded.
You slash the centaur!
You kill the centaur!
Trog accepts your kill. The centaur warrior closely misses you.
The centaur warrior kicks you but does no damage.
You slice the centaur warrior!!
Your headbutt misses the centaur warrior.
The centaur warrior is almost dead.
You are no longer berserk.
You are exhausted.
You feel yourself slow down. The centaur warrior hits you.
* * * LOW HITPOINT WARNING * * *
The centaur warrior kicks you but does no damage.
You feel better. The centaur warrior hits you.
* * * LOW HITPOINT WARNING * * *
The centaur warrior kicks you but does no damage.
The boggart casts a spell.
The boggart blinks!
The centaur warrior hits you!
You die...

##+#### #.#..#.# .#....#
.##.#..#.##..#....#
.ยง........# #.####
####.#..#.#####.#
......K.........#
....g.........#
###.#.)#.#####.#
#....o)))..# #.#
..##.#).#@##..#.# #.#))#c#
#.# o #))##. #.# #..# ..
#.# +...####
#..#######.#### ##......#
#)....^.......# #.......#
##............# #.......#
#............#
#.......#####............#


You could see a centaur warrior, a kobold brigand, a boggart and an orc.

Vanquished Creatures
  Snorg (D:10)
  A hydra (D:10)
  6 two-headed ogres
  2 ogre magi
  A boulder beetle (D:11)
  Pikel (D:5)
  A deep elf pyromancer (D:13)
  2 orc knights
  An ugly thing (D:12)
  A cyclops (D:11)
  A gargoyle (D:11)
  5 kobold demonologists
  3 trolls
  A tarantella (shapeshifter) (D:11)
  A vampire (D:11)
  2 shadows
  4 slime creatures (D:12)
  3 wyverns
  4 wraiths
  13 yaks
  A basilisk (D:13)
  6 vampire mosquitoes
  A steam dragon (D:7)
  A warg (D:12)
  3 acid dragons
  2 orc warriors
  Pargi (Sewer)
  3 black bears
  2 ice beasts (D:6)
  3 ogres
  6 centaurs
  A lemure (D:5)
  4 kobold brigands
  A bullfrog (D:4)
  2 gnoll sergeants
  2 scorpions (D:5)
  4 wights (D:7)
  7 killer bees
  3 howler monkeys
  Crazy Yiuf (D:2)
  5 orc priests
  A gnoll bouda (D:7)
  3 hounds
  A jelly (D:5)
  3 iguanas
  Ijyb (D:5)
  9 orc wizards
  12 gnolls
  8 adders
  A white imp (D:5)
  2 dart slugs
  3 worms
  37 orcs
  6 ball pythons
  4 bats
  10 endoplasms
  6 giant cockroaches
  2 goblins
  11 hobgoblins
  5 jackals
  22 kobolds
  3 quokkas
  6 frilled lizards
  4 rats
273 creatures vanquished.

Vanquished Creatures (others)
  3 plants (D:4)
3 creatures vanquished.

Grand Total: 276 creatures vanquished

Notes
Turn   | Place    | Note
-------+----------+-------------------------------------------
     0 | D:1      | Grim the Minotaur Berserker began the quest for the Orb.
     0 | D:1      | Reached XP level 1. HP: 19/19 MP: 0/0
   119 | D:1      | Reached skill level 4 in Axes
   365 | D:1      | Reached XP level 2. HP: 26/26 MP: 1/1
  1238 | D:2      | Reached skill level 5 in Axes
  1249 | D:2      | Reached XP level 3. HP: 31/31 MP: 2/2
  1585 | D:2      | Identified the +4 mace "Basox" {holy, Int+4}
  1639 | D:2      | Reached XP level 4. HP: 38/39 MP: 3/3
  1641 | D:2      | Reached ** piety under Trog
  1642 | D:2      | Reached skill level 6 in Axes
  1881 | D:2      | Found a runed translucent door.
  1882 | D:2      | Noticed Crazy Yiuf
  1888 | D:2      | Killed Crazy Yiuf
  2134 | D:3      | Reached skill level 7 in Axes
  2134 | D:3      | Reached XP level 5. HP: 45/45 MP: 4/4
  2450 | D:3      | Found a glowing golden altar of the Shining One.
  2569 | D:3      | Found a transporter.
  2645 | D:3      | Found a transporter.
  2980 | D:4      | Found a staircase to the Ecumenical Temple.
  3069 | D:4      | Reached skill level 8 in Axes
  3069 | D:4      | Reached XP level 6. HP: 48/51 MP: 5/5
  3370 | D:4      | Found Facel's Book Shoppe.
  3378 | D:4      | Reached *** piety under Trog
  3445 | D:5      | Entered Level 5 of the Dungeon
  3457 | D:5      | Found a hazy altar of Hepliaklqana.
  3466 | D:5      | Found a sacrificial altar of Ru.
  3557 | D:5      | Found a glowing silver altar of Zin.
  3559 | D:5      | Found a hide-covered altar of Uskayaw.
  3566 | D:5      | Reached skill level 9 in Axes
  3664 | D:5      | Found Ynouklun's Antique Weapon Shoppe.
  3670 | D:5      | Found Bomo's Assorted Antiques.
  3707 | D:5      | Noticed Ijyb
  3723 | D:5      | Killed Ijyb
  3724 | D:5      | Reached XP level 7. HP: 7/52 MP: 6/6
  3842 | D:5      | Found a glowing drain.
  3855 | Sewer    | Entered a sewer
  3908 | Sewer    | Noticed Pargi
  3917 | Sewer    | Killed Pargi
  3918 | Sewer    | Reached skill level 10 in Axes
  4074 | D:5      | Found Tymagh's Book Emporium.
  4321 | D:5      | Found a shadowy altar of Dithmenos.
  4326 | D:5      | Noticed Pikel
  4340 | D:5      | Killed Pikel
  4341 | D:5      | Reached skill level 12 in Axes
  4341 | D:5      | Reached XP level 8. HP: 64/64 MP: 7/7
  4583 | D:5      | Found a bloodstained altar of Trog.
  4586 | D:5      | Found a radiant altar of Vehumet.
  4588 | D:5      | Found a shimmering blue altar of Sif Muna.
  4593 | D:5      | Found a white marble altar of Elyvilon.
  4913 | D:6      | Noticed a kobold demonologist
  4919 | D:6      | Noticed a kobold demonologist
  4920 | D:6      | Reached skill level 13 in Axes
  4931 | D:6      | Killed a kobold demonologist
  4941 | D:6      | Killed a kobold demonologist
  4942 | D:6      | Reached skill level 14 in Axes
  4942 | D:6      | Reached XP level 9. HP: 70/70 MP: 8/8
  5563 | D:7      | Reached skill level 15 in Axes
  5568 | D:7      | Reached **** piety under Trog
  6072 | D:7      | Found Xes Hiem's General Store.
  6389 | D:7      | Reached skill level 16 in Axes
  6793 | D:8      | Reached skill level 1 in Ranged Weapons
  6806 | D:8      | Reached skill level 5 in Fighting
  6821 | D:8      | Reached XP level 10. HP: 50/83 MP: 9/9
  6945 | D:8      | You fall into a shaft and drop 2 floors!
  6945 | D:10     | Entered Level 10 of the Dungeon
  7067 | D:9      | Noticed a sixfirhy
  7067 | D:9      | Found a staircase to the Lair.
  7146 | D:9      | Identified the +0 leather armour of the Powerful Cockroach
                  | {Will++ Regen+ Int-4}
  7625 | D:8      | Found a basalt altar of Yredelemnul.
  9027 | D:10     | Noticed a two-headed ogre
  9035 | D:10     | Killed a two-headed ogre
  9467 | D:10     | Reached skill level 5 in Ranged Weapons
  9707 | D:10     | Noticed an ogre mage
  9729 | D:10     | Killed an ogre mage
  9730 | D:10     | Reached skill level 10 in Fighting
  9837 | D:10     | Found a stormy altar of Qazlal.
 10021 | D:10     | Noticed Snorg
 10032 | D:10     | Killed Snorg
 10033 | D:10     | Reached XP level 11. HP: 79/101 MP: 10/10
 10159 | D:10     | Noticed a two-headed ogre
 10169 | D:10     | Killed a two-headed ogre
 10249 | D:10     | Noticed a two-headed ogre
 10256 | D:10     | Killed a two-headed ogre
 10548 | D:10     | Noticed a five-headed hydra
 10565 | D:10     | Killed a 15-headed hydra
 10998 | D:11     | Noticed an eight-headed hydra
 11518 | D:11     | Identified the amulet of Iluex {Faith Slay+2}
 11628 | D:11     | Noticed a boulder beetle
 11639 | D:11     | Killed a boulder beetle
 12629 | D:11     | Identified the +0 plate armour "Caasiuz" {rF+ Str+3}
 12698 | D:11     | Noticed an orc knight
 12704 | D:11     | Killed an orc knight
 12898 | D:12     | Found a radiant altar of Vehumet.
 13797 | D:12     | Found a staircase to the Orcish Mines.
 13971 | D:12     | Noticed a two-headed ogre
 13972 | D:12     | Noticed a white ugly thing
 13977 | D:12     | Killed a two-headed ogre
 13978 | D:12     | Reached XP level 12. HP: 117/117 MP: 11/11
 14702 | D:13     | Noticed a two-headed ogre
 15265 | D:13     | Reached skill level 15 in Fighting
 15292 | D:13     | Killed a two-headed ogre
 15479 | D:13     | Noticed a two-headed ogre
 15480 | D:13     | Noticed an ogre mage
 15486 | D:13     | Killed a two-headed ogre
 15487 | D:13     | Reached skill level 10 in Ranged Weapons
 15490 | D:13     | Killed an ogre mage
 15491 | D:13     | Noticed a centaur warrior
 15496 | D:13     | HP: 4/122 [centaur warrior (5)]
 15497 | D:13     | Slain by a centaur warrior

Illustrated notes

Levels and vault maps discovered:
D:1:      dpeg_arrival_long_road, layout_loops_corners, serial_aquarium,
          aquarium_bridge_island_small [aquarium_subvault_small_water,
          aquarium_subvault_window, aquarium_subvault_bridge,
          aquarium_subvault_bridge, aquarium_subvault_bridge],
          aquarium_bridge_square [aquarium_subvault_bridge,
          aquarium_subvault_balcony, aquarium_subvault_bridge,
          aquarium_subvault_wall], aquarium_window_1, aquarium_window_1,
          aquarium_window_corridor_1, aquarium_view_2b, aquarium_view_2d,
          aquarium_pool_2, minmay_misc_feat_chi
D:2:      layout_loops_cross, minmay_pentomino_v4, uniq_crazy_yiuf_cottage
D:3:      gammafunk_steamed_eel, layout_loops_corners, old_standard_altar
D:4:      layout_rooms, minmay_temple_entry_large_hall, serial_shops, shop,
          serial_bayou_crossing
D:5:      layout_basic, nicolae_dithmenos_shadow_blocks,
          mainiacjoe_overflow_large_starburst,
          nicolae_overflow_hallway_of_the_gods, serial_shops,
          nicolae_square_shop, shop, nicolae_shop_stone, portal_sewer_entry_b,
          uniq_pikel, uniq_ijyb
D:6:      layout_rooms
D:7:      layout_loops_ring, serial_shops, nicolae_shop_advertising_works
          [nicolae_subvault_shop_adworks]
D:8:      layout_basic, lemuel_coloured_pillars_altar
D:9:      layout_basic, lair_entry_dummy
D:10:     layout_stronghold, minmay_ruined_shrine, uniq_snorg
D:11:     minmay_tri_box, layout_loops_cross, minivault_5
D:12:     layout_roguey, erik_orc_4, vehumet_altar_wand_db
D:13:     layout_irregular_city, hangedman_vaults_entry_quadrant_bands,
          nicolae_hexahallways

Skill      XL: |  1  2  3  4  5  6  7  8  9 10 11 12 |
---------------+-------------------------------------+-----
Axes           | 4 5 7 8 9 12 14 16 | 16.3
Fighting       | 5 10 14 15 | 15.7
Ranged Weapons | 2 6 9 10 | 10.1
Armour         | |  2.4
Dodging        | |  2.1

Action                     |  1- 3 |  4- 6 |  7- 9 | 10-12 || total
---------------------------+-------+-------+-------+-------++-------
  Melee: Hand axe          |    66 |   142 |   230 |   185 ||   623
         Headbutt          |     7 |    14 |    43 |    96 ||   160
         Punch             |       |     1 |     2 |     6 ||     9
         Morningstar       |       |       |       |    90 ||    90
         War axe           |       |       |       |    91 ||    91
   Fire: Arbalest          |       |       |       |     1 ||     1
 Invoke: Berserk           |     2 |     4 |     9 |    25 ||    40
         Trog's Hand       |       |     3 |     1 |     8 ||    12
    Use: Scroll            |       |       |       |    14 ||    14
         Potion            |       |       |       |     1 ||     1
 Armour: Animal skin       |     3 |       |       |       ||     3
         Leather armour    |    13 |     2 |       |       ||    15
         Chain mail        |       |    71 |    94 |    72 ||   237
         Plate armour      |       |       |       |    85 ||    85
  Dodge: Dodged            |    42 |    43 |    71 |   155 ||   311

Table legend: (Time is in decaauts)
 A = Elapsed time spent in this place.
 B = Non-inter-level travel time spent in this place.
 C = Inter-level travel time spent in this place.
 D = Time resting spent in this place.
 E = Time spent auto-exploring this place.
 F = Levels seen in this place.
 G = Mean time per level.
                   A        B        C        D        E       F      G
               +--------+--------+--------+--------+--------+-----+--------+
         Total |  15664 |  15083 |    581 |   5876 |   7268 |  14 | 1118.9 |
       Dungeon |  15460 |  14879 |    581 |   5807 |   7171 |  13 | 1189.2 |
         Sewer |    203 |    203 |      0 |     68 |     97 |   1 |  203.0 |
               +--------+--------+--------+--------+--------+-----+--------+

Top non-repeatable levels by time:
    D:11: 2101 daAuts
    D:10: 1987 daAuts
     D:9: 1465 daAuts
     D:5: 1277 daAuts
    D:12: 1267 daAuts
     D:7: 1253 daAuts
     D:1: 1221 daAuts
    D:13: 1131 daAuts
     D:2: 927 daAuts
     D:8: 886 daAuts
     D:3: 849 daAuts
     D:6: 597 daAuts
     D:4: 494 daAuts
   Sewer: 203 daAuts
